[Event "Titled Tuesday Blitz March 01 Early 2022"]
[White "Yushko, Olga"]
[Black "Tashkov, Rumen"]
[WhiteFideId "14114500"]
[BlackFideId "2904004"]
[WhiteElo "2028"]
[BlackElo "2181"]
[Result "0-1"]
[Round "10"]
[TimeControl "180+1"]
[Date "2022.03.01"]
[WhiteClock "0:01:56"]
[BlackClock "0:01:55"]

1. d4 d6 2. c4 e5 3. e3 Nd7 4. Nf3 Ngf6 5. Be2 g6 6. O-O Bg7 7. Nc3 O-O 8. Qc2 Re8 9. a3 Nf8 10. b4 e4 11. Nd2 Bf5 12. Bb2 h5 13. d5 N8h7 14. Nb3 Bg4 15. Bxg4 hxg4 16. Nd2 Ng5 17. c5 Qd7 18. Rac1 Qf5 19. Nb3 Nf3+ 20. Kh1 Qh5 21. gxf3 gxf3 22. Nd2 Ng4 0-1


[Site "https://www.chess.com"]

[Event "Titled Tuesday Blitz March 01 Early 2022"]
[White "Zainullina, Nataliya"]
[Black "Petrova, Irina"]
[WhiteFideId "4145488"]
[BlackFideId "14124122"]
[WhiteElo "2067"]
[BlackElo "1988"]
[Result "0-1"]
[Round "10"]
[TimeControl "180+1"]
[Date "2022.03.01"]
[WhiteClock "0:02:02"]
[BlackClock "0:01:28"]

1. Nf3 d6 2. e4 Nf6 3. d3 e5 4. Nbd2 Be7 5. g3 O-O 6. Bg2 c6 7. O-O b5 8. c3 Nbd7 9. d4 Bb7 10. a4 a6 11. Qe2 Qc7 12. Nh4 Rfe8 13. Nf5 Bf8 14. f4 exd4 15. cxd4 c5 16. e5 cxd4 17. Bxb7 Qxb7 18. Nf3 dxe5 19. Nxe5 d3 20. Qxd3 Nxe5 21. fxe5 Rxe5 22. Bf4 Bc5+ 23. Be3 Rxe3 24. Nxe3 Ng4 25. Rae1 Re8 26. axb5 axb5 27. Rf4 Nxe3 28. Rxe3 Bxe3+ 29. Kf1 Bxf4 30. gxf4 Qh1+ 31. Kf2 Qxh2+ 32. Kf1 Qxb2 33. Qxb5 Qc1+ 34. Kg2 Qd2+ 35. Kg3 Qe3+ 36. Kg4 Qe2+ 37. Qxe2 Rxe2 0-1


[Site "https://www.chess.com"]

[Event "Titled Tuesday Blitz March 01 Early 2022"]
[White "Zaksaite, Salomeja"]
[Black "Sovetbekova, Nurai"]
[WhiteFideId "12801496"]
[BlackFideId "13801910"]
[WhiteElo "2002"]
[BlackElo "1545"]
[Result "0-1"]
[Round "10"]
[TimeControl "180+1"]
[Date "2022.03.01"]
[WhiteClock "0:00:04"]
[BlackClock "0:00:27"]

1. e4 c5 2. Nf3 d6 3. d4 cxd4 4. Nxd4 Nf6 5. Nc3 a6 6. Bc4 e6 7. Bb3 Nbd7 8. f4 Nc5 9. e5 dxe5 10. fxe5 Nfe4 11. Nxe4 Nxe4 12. Be3 Qh4+ 13. g3 Nxg3 14. Nf3 Qe4 15. hxg3 Qxe3+ 16. Qe2 Bc5 17. Qxe3 Bxe3 18. Ke2 Bc5 19. c3 b5 20. a4 Bb7 21. Rh4 Ke7 22. Bc2 h6 23. Rg4 g6 24. axb5 axb5 25. Rxa8 Bxa8 26. Bd3 Bc6 27. c4 Rd8 0-1


[Site "https://www.chess.com"]

[Event "Titled Tuesday Blitz March 01 Early 2022"]
[White "Zierk, Steven"]
[Black "Nakamura, Hikaru"]
[WhiteFideId "2034255"]
[BlackFideId "2016192"]
[WhiteElo "2494"]
[BlackElo "2850"]
[Result "0-1"]
[Round "10"]
[TimeControl "180+1"]
[Date "2022.03.01"]
[WhiteClock "0:00:10"]
[BlackClock "0:01:19"]

1. e4 g6 2. d4 Bg7 3. Nc3 a6 4. a4 b6 5. Be3 Bb7 6. Qd2 d6 7. f3 Nd7 8. h4 h6 9. Nh3 e6 10. d5 Qxh4+ 11. Bf2 Qf6 12. dxe6 fxe6 13. Bc4 g5 14. f4 Ne7 15. O-O-O O-O-O 16. fxg5 hxg5 17. Nxg5 d5 18. exd5 exd5 19. Bd3 Ne5 20. Rhf1 Nxd3+ 21. cxd3 Qg6 22. Bg3 Nf5 23. Bf4 d4 24. Nce4 Ne3 25. Bxe3 dxe3 26. Qe2 Qc6+ 27. Kb1 Qxa4 28. Nf7 Bd5 29. Nxd8 Qa2+ 0-1


[Site "https://www.chess.com"]

[Event "Titled Tuesday Blitz March 01 Early 2022"]
[White "Agibileg, Uurtsaikh"]
[Black "Savchenko, Boris"]
[WhiteFideId "4901606"]
[BlackFideId "4147332"]
[WhiteElo "2205"]
[BlackElo "2512"]
[Result "1-0"]
[Round "11"]
[TimeControl "180+1"]
[Date "2022.03.01"]
[WhiteClock "0:00:03"]
[BlackClock "0:00:04"]

1. d4 d5 2. c4 e5 3. dxe5 d4 4. Nf3 Nc6 5. g3 Bf5 6. Bg2 Qd7 7. O-O O-O-O 8. a3 f6 9. Qa4 Kb8 10. exf6 Nxf6 11. b4 Qe8 12. Bf4 Nh5 13. Bg5 Be7 14. b5 Ne5 15. Nxe5 Bxg5 16. Nc6+ bxc6 17. bxc6 Ka8 18. h4 Be7 19. Qa5 Bc5 20. Qxc7 Rb8 21. Nd2 Nf6 22. Qxg7 Ne4 23. c7 Rc8 24. Rab1 Bb6 25. c5 Rxc7 26. Nxe4 Rxg7 27. Nd6+ Kb8 28. Nxe8 Rxe8 29. cxb6 Bxb1 30. Rxb1 Rxe2 31. bxa7+ Kxa7 32. Rb4 d3 33. Rd4 d2 34. Bf3 Re1+ 35. Kg2 Ra1 36. Rxd2 Rxa3 37. h5 Kb6 38. Rd6+ Kc5 39. Rd5+ Kc4 40. Rf5 Kd4 41. h6 Rg6 42. Rd5+ Kc4 43. Rh5 Ra7 44. Be4 Rf6 45. f4 Kd4 46. Bf3 Ra2+ 47. Kh3 Ra3 48. Kg4 Rg6+ 49. Rg5 Rxf3 50. Rxg6 1-0


[Site "https://www.chess.com"]

[Event "Titled Tuesday Blitz March 01 Early 2022"]
[White "Alavi, Sayed Javad"]
[Black "Santos Flores, Alberto"]
[WhiteFideId "12500607"]
[BlackFideId "3601234"]
[WhiteElo "2475"]
[BlackElo "2293"]
[Result "1-0"]
[Round "11"]
[TimeControl "180+1"]
[Date "2022.03.01"]
[WhiteClock "0:00:32"]
[BlackClock "0:00:28"]

1. Nf3 d5 2. d4 Nf6 3. c4 c6 4. e3 Bf5 5. Nc3 e6 6. Nh4 Bg4 7. Qb3 Qb6 8. h3 Bh5 9. g4 Bg6 10. Nxg6 hxg6 11. Bg2 Nbd7 12. Bd2 Be7 13. g5 Nh5 14. h4 Qxb3 15. axb3 a6 16. Ne2 Bd6 17. f4 O-O 18. Kf2 b5 19. c5 Bc7 20. Ba5 Bb8 21. Bh3 Re8 22. Ra2 Ba7 23. Rha1 Rac8 24. Nc1 Kf8 25. Nd3 Nb8 26. Bd2 Rc7 27. Nb4 f6 28. Nxa6 Nxa6 29. Rxa6 Bb8 30. Ra8 e5 31. gxf6 gxf6 32. f5 gxf5 33. Bxf5 Ng7 34. Bg6 Rec8 35. h5 Ne6 36. Bf5 Ke7 37. h6 Rh8 38. Rg1 Rcc8 39. h7 Rcf8 40. Ra6 Kd7 41. Rg7+ 1-0


[Site "https://www.chess.com"]

[Event "Titled Tuesday Blitz March 01 Early 2022"]
[White "Araujo Filho, Luiz Antonio Coel"]
[Black "Tashkov, Rumen"]
[WhiteFideId "2130661"]
[BlackFideId "2904004"]
[WhiteElo "2188"]
[BlackElo "2181"]
[Result "1-0"]
[Round "11"]
[TimeControl "180+1"]
[Date "2022.03.01"]
[WhiteClock "0:00:02"]
[BlackClock "0:00:01"]

1. d4 d6 2. Nf3 g6 3. c4 Bg7 4. Nc3 Bg4 5. e3 Nc6 6. Be2 e5 7. d5 Nce7 8. e4 Bxf3 9. Bxf3 h5 10. O-O Bh6 11. Bxh6 Rxh6 12. Qd2 Kf8 13. b4 Kg7 14. c5 Nf6 15. Rac1 h4 16. cxd6 cxd6 17. Qe3 a6 18. Na4 Nd7 19. Rc2 b5 20. Nb2 Nb6 21. Rfc1 Rc8 22. Rxc8 Nexc8 23. Rc6 f5 24. Qc3 Kg8 25. a4 bxa4 26. Nxa4 Rh7 27. Nxb6 Nxb6 28. Be2 Ra7 29. exf5 gxf5 30. Qh3 Rf7 31. Bxa6 e4 32. g3 Qf6 33. Qxh4 Qxh4 34. gxh4 Rg7+ 35. Kf1 Nd7 36. Rxd6 Ne5 37. Re6 Nf3 38. Ke2 Rg1 39. Ke3 Nxh2 40. d6 Rd1 41. Kf4 Nf3 42. Kxf5 Nd4+ 43. Ke5 Nxe6 44. Kxe6 Kf8 45. d7 Rd2 46. Bc4 Rd1 47. Bd5 1-0


[Site "https://www.chess.com"]

[Event "Titled Tuesday Blitz March 01 Early 2022"]
[White "Ardila, Oscar Humberto"]
[Black "Barbashin, Igor"]
[WhiteFideId "4404742"]
[BlackFideId "4155718"]
[WhiteElo "1898"]
[BlackElo "2138"]
[Result "1-0"]
[Round "11"]
[TimeControl "180+1"]
[Date "2022.03.01"]
[WhiteClock "0:00:43"]
[BlackClock "0:00:20"]

1. d4 Nf6 2. c4 c5 3. d5 e6 4. Nc3 exd5 5. cxd5 d6 6. e4 g6 7. h3 Bg7 8. Nf3 O-O 9. Bd3 a6 10. a4 Re8 11. O-O Nbd7 12. Re1 Qc7 13. Bf4 c4 14. Bc2 Rb8 15. a5 Nh5 16. Bh2 b5 17. axb6 Rxb6 18. Ra2 Nc5 19. Na4 Rb4 20. e5 dxe5 21. d6 Qc6 22. Nxc5 Qxc5 23. d7 Bxd7 24. Qxd7 Reb8 25. Ng5 R4b7 26. Qd1 Rxb2 27. Rxa6 Rc8 28. Qd7 Rf8 29. Ne4 Qd4 30. Qa4 Rd8 31. Ra7 f5 32. Ng5 Qd2 33. Qxc4+ Kh8 34. Nf7+ Kg8 35. Nh6+ 1-0


[Site "https://www.chess.com"]

[Event "Titled Tuesday Blitz March 01 Early 2022"]
[White "Bashirli, Saadat"]
[Black "Escudero Donoso, Felipe"]
[WhiteFideId "13429990"]
[BlackFideId "3410595"]
[WhiteElo "1173"]
[BlackElo "2184"]
[Result "1-0"]
[Round "11"]
[TimeControl "180+1"]
[Date "2022.03.01"]
[WhiteClock "0:00:35"]
[BlackClock "0:00:06"]

1. d4 Nf6 2. Bg5 d5 3. Nd2 e6 4. e4 h6 5. Bxf6 Qxf6 6. e5 Qd8 7. Ngf3 Be7 8. Bd3 c5 9. c3 b6 10. O-O O-O 11. Bb1 Ba6 12. Re1 Nc6 13. Qc2 g6 14. Nf1 Rc8 15. Qd2 Bxf1 16. Rxf1 Kg7 17. a3 cxd4 18. cxd4 Na5 19. Ba2 Qd7 20. b4 Nc4 21. Bxc4 Rxc4 22. Rac1 Rfc8 23. h3 Qc7 24. Rxc4 Qxc4 25. Qe3 Qc3 26. Re1 Qxe3 27. Rxe3 Rc1+ 28. Kh2 a5 29. Rb3 axb4 30. axb4 Rc4 31. b5 Bb4 32. g3 Bc3 33. Ra3 Bxd4 34. Nxd4 Rxd4 35. Ra6 Rb4 36. Rxb6 g5 37. Kg2 Kg6 38. Rb8 Kf5 39. b6 Kxe5 40. b7 d4 41. h4 Rb2 42. hxg5 hxg5 43. Kf3 d3 44. Rd8 Rxb7 45. Rxd3 f5 46. Kg2 Rb2 47. Re3+ Kf6 48. Rc3 f4 49. gxf4 gxf4 50. Kf3 Kf5 51. Rc5+ e5 52. Kg2 Ra2 53. Rc8 Ke4 54. Rc4+ Kd5 55. Rc8 Ra6 56. Rd8+ Rd6 57. Ra8 Rg6+ 58. Kf1 Ke4 59. Ra4+ Kf3 60. Ra3+ Kg4 61. Ke2 e4 62. Ra4 f3+ 63. Ke3 Rb6 64. Rxe4+ Kg5 65. Kxf3 Rf6+ 66. Kg2 Rb6 67. f3 Ra6 68. Kg3 Ra3 69. Re5+ Kf6 70. Rb5 Rc3 71. Kg4 Rc1 72. Rb6+ Kg7 73. f4 Rg1+ 74. Kf5 Rf1 75. Rb7+ Kf8 76. Ke5 Ra1 77. Kf6 Ra2 78. f5 Ra6+ 79. Kg5 Ra1 80. Kf6 Ra6+ 81. Ke5 Ra1 82. Rd7 Re1+ 83. Kf6 Ke8 84. Ra7 Ra1 85. Rxa1 Kd7 86. Ra8 Kc6 87. Kf7 Kb5 88. f6 Kb4 89. Kg7 Kb3 90. f7 Kb4 91. f8=Q+ Kb3 92. Rb8+ Ka2 93. Qf7+ Ka1 94. Qa7# 1-0


[Site "https://www.chess.com"]

[Event "Titled Tuesday Blitz March 01 Early 2022"]
[White "Bodnaruk, Anastasia"]
[Black "Mirzoev, Azer"]
[WhiteFideId "4181751"]
[BlackFideId "13400304"]
[WhiteElo "2393"]
[BlackElo "2525"]
[Result "0-1"]
[Round "11"]
[TimeControl "180+1"]
[Date "2022.03.01"]
[WhiteClock "0:00:01"]
[BlackClock "0:00:04"]

1. e4 e6 2. d4 d5 3. Nc3 dxe4 4. Nxe4 Bd7 5. Nf3 Bc6 6. Bd3 Nd7 7. O-O Ngf6 8. Ng3 Be7 9. c4 O-O 10. Bf4 b6 11. Qe2 Bb7 12. Rad1 Re8 13. Ne5 Qc8 14. Nh5 Nf8 15. Bg3 c5 16. dxc5 Qxc5 17. Nxf6+ Bxf6 18. Ng4 Be7 19. Ne3 Rad8 20. f4 Bf6 21. Kh1 g6 22. Ng4 Be7 23. Bf2 Qc6 24. Be3 h5 25. Ne5 Qc7 26. Bd2 Bf6 27. Bc3 Bg7 28. Be4 Bxe4 29. Qxe4 Rxd1 30. Rxd1 Rd8 31. Re1 Nh7 32. Qe2 Nf6 33. h3 Qb7 34. Kh2 a6 35. g4 hxg4 36. hxg4 b5 37. c5 b4 38. c6 Qc7 39. Bxb4 Nd5 40. Bd2 g5 41. fxg5 Ne7 42. Kg2 Nxc6 43. Nxc6 Qxc6+ 44. Kh3 Qc2 45. Bc3 Qxe2 46. Rxe2 Bxc3 47. bxc3 Rd3+ 48. Kh4 Rxc3 49. Rb2 Kg7 50. a4 Rc4 51. a5 Rc5 52. Ra2 Kg6 53. Ra4 Rxg5 54. Rc4 Rxa5 55. Rc8 Kg7 56. g5 Ra1 57. Ra8 a5 58. Kg4 a4 59. Ra7 a3 60. Kg3 a2 61. Kg2 Kg6 62. Ra5 Kh5 63. Kh3 e5 64. Kg2 Kxg5 65. Rxe5+ f5 66. Ra5 Kg4 67. Kh2 f4 68. Ra4 Kf5 69. Kg2 f3+ 70. Kh2 f2 0-1


[Site "https://www.chess.com"]

[Event "Titled Tuesday Blitz March 01 Early 2022"]
[White "Bogumil, Tatiana"]
[Black "Mirzanurov, Bulat"]
[WhiteFideId "4110579"]
[BlackFideId "4184521"]
[WhiteElo "1862"]
[BlackElo "2116"]
[Result "1-0"]
[Round "11"]
[TimeControl "180+1"]
[Date "2022.03.01"]
[WhiteClock "0:00:12"]
[BlackClock "0:00:03"]

1. Nf3 d5 2. c4 dxc4 3. Na3 Nf6 4. Nxc4 e6 5. b3 a6 6. Bb2 Be7 7. g3 c5 8. Bg2 O-O 9. O-O b5 10. Nfe5 Ra7 11. Ne3 Bb7 12. Nf3 Nbd7 13. d4 Ne4 14. Ng4 h5 15. Nge5 Nxe5 16. dxe5 Bd5 17. Qc2 Rc7 18. Rfd1 c4 19. bxc4 Rxc4 20. Qd3 Qc7 21. Nd4 Nc5 22. Qe3 Bxg2 23. Kxg2 Qb7+ 24. Nf3 Na4 25. Bd4 Bc5 26. Bxc5 Nxc5 27. Rd4 Rxd4 28. Qxd4 Na4 29. Rd1 Rc8 30. Rd2 Nc3 31. h4 Nd5 32. Qb2 Rc4 33. Kh2 g6 34. Ng5 Qc6 35. Qa3 Rc1 36. Qf3 Qc7 37. Ne4 Rc6 38. Nd6 Kg7 39. e4 Nb6 40. Qf6+ Kg8 41. Ne8 Qc8 42. Qg7# 1-0


[Site "https://www.chess.com"]

[Event "Titled Tuesday Blitz March 01 Early 2022"]
[White "Budrewicz, Krzysztof"]
[Black "Horak, Martin"]
[WhiteFideId "1127950"]
[BlackFideId "367095"]
[WhiteElo "2248"]
[BlackElo "1997"]
[Result "1-0"]
[Round "11"]
[TimeControl "180+1"]
[Date "2022.03.01"]
[WhiteClock "0:02:27"]
[BlackClock "0:00:19"]

1. d4 Nf6 2. c4 e6 3. Nf3 b6 4. g3 Ba6 5. Qc2 Bb7 6. Bg2 c5 7. dxc5 bxc5 8. Nc3 Be7 9. O-O O-O 10. Rd1 Qb6 11. Bf4 Rd8 12. Rac1 Nc6 13. Rd2 d6 14. Rcd1 e5 15. Bg5 Nd4 16. Qb1 h6 17. Bxf6 Bxf6 18. Ne1 Bxg2 19. Kxg2 g6 20. e3 Nf5 21. Nd5 Qb7 22. Qe4 1-0


[Site "https://www.chess.com"]

[Event "Titled Tuesday Blitz March 01 Early 2022"]
[White "Buscar, Michael"]
[Black "P., Komal Kishore"]
[WhiteFideId "2603616"]
[BlackFideId "5016703"]
[WhiteElo "2010"]
[BlackElo "2087"]
[Result "1-0"]
[Round "11"]
[TimeControl "180+1"]
[Date "2022.03.01"]
[WhiteClock "0:01:29"]
[BlackClock "0:00:33"]

1. Nf3 c6 2. e4 d5 3. Nc3 Bg4 4. exd5 cxd5 5. d4 e6 6. h3 Bxf3 7. Qxf3 Nc6 8. Be3 Nf6 9. a3 Bd6 10. g4 a6 11. Bd3 h6 12. h4 b5 13. g5 hxg5 14. hxg5 Rxh1+ 15. Qxh1 Nd7 16. g6 Qf6 17. Nxd5 exd5 18. Qxd5 Rc8 19. gxf7+ Kf8 20. O-O-O Nb6 21. Qh5 Qxf7 22. Bg6 Qa2 23. Qf5+ Kg8 24. d5 Ne5 25. Bxb6 Rb8 26. Qe6+ Kf8 27. Qxd6+ 1-0


[Site "https://www.chess.com"]

[Event "Titled Tuesday Blitz March 01 Early 2022"]
[White "Chernomordik, Pavel"]
[Black "Golubka, Petro"]
[WhiteFideId "2804530"]
[BlackFideId "14114224"]
[WhiteElo "2249"]
[BlackElo "2392"]
[Result "0-1"]
[Round "11"]
[TimeControl "180+1"]
[Date "2022.03.01"]
[WhiteClock "0:00:07"]
[BlackClock "0:00:25"]

1. e4 e5 2. Nf3 Nc6 3. Bb5 Nge7 4. O-O a6 5. Bc4 Ng6 6. d4 exd4 7. Nxd4 Be7 8. Nf5 O-O 9. Nc3 d6 10. Nxe7+ Ngxe7 11. f4 Be6 12. Be2 f6 13. Be3 Qd7 14. Qd2 Rad8 15. Rad1 Rfe8 16. Nd5 Bf7 17. Bf3 Nxd5 18. exd5 Ne7 19. g4 Ng6 20. Rfe1 Nh4 21. Bh1 Qxg4+ 22. Kf2 Nf5 23. Bf3 Qh4+ 24. Kg2 Bh5 25. Bxh5 Qxh5 26. Bf2 Qg4+ 27. Kh1 Qf3+ 28. Kg1 h5 29. Rxe8+ Rxe8 30. Re1 Re4 31. Rxe4 Qxe4 32. b3 h4 33. h3 Qf3 34. Kh2 Ng3 35. Qe1 Ne4 36. Bxh4 Qxf4+ 37. Kg2 g5 38. Bg3 Qxg3+ 39. Qxg3 Nxg3 40. Kxg3 Kg7 41. Kg4 Kg6 42. c4 f5+ 43. Kf3 a5 44. a3 b6 45. b4 axb4 46. axb4 Kf6 47. Kf2 Ke5 48. Ke3 b5 0-1


[Site "https://www.chess.com"]

[Event "Titled Tuesday Blitz March 01 Early 2022"]
[White "Chigaev, Maksim"]
[Black "Belyakov, Bogdan"]
[WhiteFideId "4108116"]
[BlackFideId "24104795"]
[WhiteElo "2502"]
[BlackElo "2407"]
[Result "1-0"]
[Round "11"]
[TimeControl "180+1"]
[Date "2022.03.01"]
[WhiteClock "0:00:04"]
[BlackClock "0:00:05"]

1. d4 Nf6 2. g3 g6 3. Bg2 d5 4. c4 Bg7 5. cxd5 Nxd5 6. e4 Nb6 7. Ne2 O-O 8. O-O e6 9. a4 a5 10. Nbc3 Na6 11. h4 h5 12. Bg5 Qd7 13. e5 Nb4 14. Ne4 N6d5 15. Nf6+ Bxf6 16. exf6 Kh7 17. Be4 Rh8 18. Nc3 b6 19. Qxh5+ Kg8 20. Qf3 Bb7 21. Rad1 Rd8 22. Rfe1 Bc6 23. Nb5 Bxb5 24. axb5 Qxb5 25. g4 Kf8 26. Bxg6 fxg6 27. Rxe6 Rd6 28. Rxd6 cxd6 29. f7 Qd7 30. Rc1 Rh7 31. Qe4 Rxf7 32. Bh6+ Kg8 33. Qxg6+ Kh8 34. f3 Qe8 35. Bg5 Qg8 36. Qxd6 Rxf3 37. Qe5+ Kh7 38. Qe4+ Qg6 39. Qxf3 Qg7 40. Rd1 Qc7 41. Qe4+ Kg7 42. Kg2 Qd7 43. Re1 Nc6 44. Qf5 Qxf5 45. gxf5 Kf7 46. Kf3 Nxd4+ 47. Ke4 Nc2 48. Re2 Ncb4 49. h5 Nf6+ 50. Bxf6 Kxf6 51. h6 Nc6 52. Kf4 Nd4 53. Re5 Kf7 54. h7 Kg7 55. Re7+ Kh8 56. f6 Nb5 57. f7 Kxh7 58. f8=Q+ 1-0


[Site "https://www.chess.com"]

[Event "Titled Tuesday Blitz March 01 Early 2022"]
[White "Clawitter, Craig"]
[Black "Pasti, Aron"]
[WhiteFideId "2023105"]
[BlackFideId "785857"]
[WhiteElo "2201"]
[BlackElo "2080"]
[Result "1-0"]
[Round "11"]
[TimeControl "180+1"]
[Date "2022.03.01"]
[WhiteClock "0:00:15"]
[BlackClock "0:00:17"]

1. e4 e5 2. Nf3 Nc6 3. Bb5 a6 4. Ba4 Nf6 5. O-O Be7 6. d3 b5 7. Bb3 d6 8. a4 O-O 9. axb5 Nd4 10. Nxd4 exd4 11. bxa6 Bxa6 12. Nd2 Bb7 13. Rxa8 Qxa8 14. f4 c5 15. Nf3 Nd7 16. Qe1 Nb6 17. f5 d5 18. e5 c4 19. f6 gxf6 20. exf6 Bxf6 21. Ne5 cxb3 22. Rxf6 Qe8 23. Bh6 Kh8 24. Bxf8 Qxf8 25. Nxf7+ Kg7 26. Rxb6 Qxf7 27. Qg3+ Kf8 28. Qb8+ Qe8 29. Qxe8+ Kxe8 30. Rxb7 bxc2 31. Rc7 Kd8 32. Rxc2 Kd7 33. Kf2 Kd6 34. Kf3 h5 35. Kf4 Ke6 36. Kg5 Ke5 37. Kxh5 Kf4 38. Re2 Kf5 39. b4 Kf6 40. b5 Kf5 41. b6 Kf6 42. b7 Kf5 43. b8=Q Kf6 44. Qf8# 1-0


[Site "https://www.chess.com"]

[Event "Titled Tuesday Blitz March 01 Early 2022"]
[White "Cori T., Deysi"]
[Black "Sinitsina, Anastassia"]
[WhiteFideId "3801934"]
[BlackFideId "4504640"]
[WhiteElo "2350"]
[BlackElo "2144"]
[Result "1-0"]
[Round "11"]
[TimeControl "180+1"]
[Date "2022.03.01"]
[WhiteClock "0:00:17"]
[BlackClock "0:00:10"]

1. d4 Nf6 2. Nf3 g6 3. g3 Bg7 4. Bg2 O-O 5. O-O d6 6. b3 Nbd7 7. Bb2 c5 8. Nbd2 Rb8 9. c4 b6 10. e4 cxd4 11. Re1 e5 12. Re2 Bb7 13. Ne1 a5 14. a3 Qc7 15. b4 axb4 16. axb4 Ra8 17. Nd3 Rxa1 18. Bxa1 Ra8 19. Bb2 h5 20. h3 Bh6 21. f4 h4 22. gxh4 Nh5 23. f5 Be3+ 24. Kh2 Qd8 25. Qe1 Ra2 26. Nf1 Bf4+ 27. Kg1 Ba6 28. b5 Bb7 29. Nb4 Nc5 30. Nxa2 Qa8 31. Nb4 d3 32. Rf2 Bxe4 33. Nc6 Bxg2 34. Rxg2 Kh7 35. fxg6+ fxg6 36. Bc1 Qa1 37. Bd2 Qxe1 38. Bxe1 e4 39. Bd2 Nb3 40. Bxf4 Nxf4 41. Rb2 Nc5 42. Kf2 Nxh3+ 43. Ke3 Ng1 44. Nd4 Kh6 45. Rg2 1-0


[Site "https://www.chess.com"]

[Event "Titled Tuesday Blitz March 01 Early 2022"]
[White "Danielian, Vardan"]
[Black "Gaehwiler, Gabriel"]
[WhiteFideId "13301594"]
[BlackFideId "1314530"]
[WhiteElo "2491"]
[BlackElo "2383"]
[Result "1/2-1/2"]
[Round "11"]
[TimeControl "180+1"]
[Date "2022.03.01"]
[WhiteClock "0:00:14"]
[BlackClock "0:00:12"]

1. Nf3 Nf6 2. g3 b6 3. Bg2 Bb7 4. O-O g6 5. c4 Bg7 6. Nc3 O-O 7. Re1 Ne4 8. Nxe4 Bxe4 9. d3 Bb7 10. e4 c5 11. d4 cxd4 12. Nxd4 Nc6 13. Be3 Rc8 14. b3 d6 15. Rc1 Nxd4 16. Bxd4 Bxd4 17. Qxd4 Rc5 18. Rcd1 Qa8 19. h4 Rfc8 20. f3 a6 21. Rd2 b5 22. cxb5 axb5 23. Kh2 Rc2 24. Ree2 Rc1 25. h5 f6 26. h6 R1c5 27. g4 g5 28. b4 Rc4 29. Qb2 Qb8 30. Kh3 Qc7 31. Qb3 Qd8 32. a4 bxa4 33. Qxa4 Qf8 34. Bf1 Rc1 35. Rd1 R1c3 36. Kg2 Bc6 37. b5 Bd7 38. Qa2+ Qf7 39. Qxf7+ Kxf7 40. Rb2 Rb8 41. Rdb1 Rb6 42. Kf2 Kg6 43. Be2 Kxh6 44. Ra2 Rc7 45. Ra6 Rcb7 46. Bd3 Kg7 47. Rh1 Bxb5 48. Rxb6 Rxb6 49. Rb1 Bxd3 50. Rxb6 Kf7 51. Ke3 Bc4 52. Rc6 Bb3 53. Rc3 Be6 54. Rc7 1/2-1/2


[Site "https://www.chess.com"]

[Event "Titled Tuesday Blitz March 01 Early 2022"]
[White "Deac, Bogdan-Daniel"]
[Black "Kuzmin, Roman"]
[WhiteFideId "1226380"]
[BlackFideId "44134932"]
[WhiteElo "2646"]
[BlackElo "1978"]
[Result "1-0"]
[Round "11"]
[TimeControl "180+1"]
[Date "2022.03.01"]
[WhiteClock "0:02:16"]
[BlackClock "0:00:02"]

1. d4 d5 2. Nf3 Nf6 3. c4 e6 4. g3 Be7 5. Bg2 O-O 6. O-O Nbd7 7. Qc2 c6 8. Nbd2 b6 9. e4 dxc4 10. Nxc4 Bb7 11. Bf4 c5 12. Rfe1 cxd4 13. Nd6 Bxd6 14. Bxd6 d3 15. Qxd3 Bxe4 16. Qd4 e5 17. Qa4 Re8 18. Rad1 Bxf3 19. Bxf3 e4 20. Be2 e3 21. f3 b5 22. Qxb5 Qb6 23. Bf4 h6 24. Qxb6 Nxb6 25. Bb5 Re6 26. Rxe3 Nfd5 27. Rxe6 fxe6 28. Be5 Rc8 29. Bd3 Nb4 30. Bg6 1-0


[Site "https://www.chess.com"]

[Event "Titled Tuesday Blitz March 01 Early 2022"]
[White "Demchenko, Anton"]
[Black "Gelman, Alexander"]
[WhiteFideId "4160258"]
[BlackFideId "4118316"]
[WhiteElo "2539"]
[BlackElo "2375"]
[Result "1-0"]
[Round "11"]
[TimeControl "180+1"]
[Date "2022.03.01"]
[WhiteClock "0:00:07"]
[BlackClock "0:00:06"]

1. e4 b6 2. d4 Bb7 3. Bd3 Nf6 4. Qe2 e6 5. Nf3 d5 6. Nbd2 c5 7. e5 Nfd7 8. c3 Nc6 9. a3 g5 10. h3 h5 11. Nf1 Rg8 12. g4 h4 13. Be3 Be7 14. N1d2 Qc7 15. O-O O-O-O 16. Bb5 f6 17. exf6 Bxf6 18. Ba6 e5 19. Bxb7+ Kxb7 20. dxe5 Ndxe5 21. Nxe5 Bxe5 22. Nf3 Rge8 23. Qd2 d4 24. Bxg5 dxc3 25. Bxd8 Rxd8 26. Qe3 cxb2 27. Rab1 Bh8 28. Nxh4 Nd4 29. Rxb2 Qh7 30. Ng2 Rf8 31. f4 Kb8 32. Rd2 Qb7 33. Kh2 Bg7 34. Rd3 Rh8 35. Qg3 Bf6 36. Re3 Bd8 37. Rfe1 Bc7 38. h4 a5 39. h5 Qd5 40. Re8+ Rxe8 41. Rxe8+ Ka7 42. Re3 c4 43. h6 c3 44. Rxc3 Ne2 45. Rxc7+ Ka6 46. Qe3 Nd4 47. Re7 1-0


[Site "https://www.chess.com"]

[Event "Titled Tuesday Blitz March 01 Early 2022"]
[White "Desideri, Ricardo Maruchi"]
[Black "Vifleemskaia, Svetlana"]
[WhiteFideId "2110440"]
[BlackFideId "4129490"]
[WhiteElo "1945"]
[BlackElo "1901"]
[Result "0-1"]
[Round "11"]
[TimeControl "180+1"]
[Date "2022.03.01"]
[WhiteClock "0:00:03"]
[BlackClock "0:00:25"]

1. e4 e5 2. Nf3 Nc6 3. d4 exd4 4. Nxd4 Bc5 5. Nb3 Bb6 6. Nc3 d6 7. Qe2 Qe7 8. Be3 Nf6 9. f3 O-O 10. O-O-O Bxe3+ 11. Qxe3 Be6 12. g4 Nd7 13. h4 a5 14. a4 Bxb3 15. cxb3 Nce5 16. Be2 Nc5 17. Kc2 c6 18. f4 Ned7 19. Bf3 Qe6 20. Ne2 Rfe8 21. Nd4 Qg6 22. Nf5 Nxe4 23. Bxe4 d5 24. h5 Qxg4 25. Nh6+ gxh6 26. Rhg1 Qxg1 27. Qxg1+ Kf8 28. Bxh7 Nf6 29. Bf5 Re2+ 30. Rd2 Re7 31. Qc5 Re8 32. Re2 Nxh5 33. Rxe7 Rxe7 34. Qd6 Ng7 35. Bh3 h5 36. f5 Ne8 37. Qc5 f6 38. Kc3 Kf7 39. Bg2 Ng7 40. Bf3 h4 41. Kd3 Nxf5 42. Bh5+ Kg7 43. Qxa5 h3 44. Qd2 Re3+ 45. Kc2 Rg3 0-1


[Site "https://www.chess.com"]

[Event "Titled Tuesday Blitz March 01 Early 2022"]
[White "Dubov, Daniil"]
[Black "Fier, Alexandr"]
[WhiteFideId "24126055"]
[BlackFideId "2107139"]
[WhiteElo "2791"]
[BlackElo "2569"]
[Result "1-0"]
[Round "11"]
[TimeControl "180+1"]
[Date "2022.03.01"]
[WhiteClock "0:02:21"]
[BlackClock "0:02:03"]

1. e4 Nf6 2. e5 Nd5 3. Nc3 Nb6 4. d4 d6 5. f4 g6 6. Nf3 Bg7 7. Bd3 c5 8. dxc5 dxc5 9. Be3 N6d7 10. h4 Nc6 11. h5 e6 12. Ne4 Bf8 13. hxg6 fxg6 14. Neg5 Qe7 15. Bxg6+ Kd8 16. Bxc5 1-0


[Site "https://www.chess.com"]